 Dungeon Crawl Stone Soup version 0.26-a0-812-g31a745ddcd (webtiles) character file.

Game seed: 8618241157806251686

71334 Lanoc the Spry (level 14, -8/141 HPs)
             Began as a Deep Dwarf Transmuter on Nov 14, 2020.
             Was the Champion of Ru.
             Mangled by a death yak (27 damage)
             ... on level 6 of the Lair of Beasts on Nov 15, 2020.
             The game lasted 01:08:51 (21104 turns).

Lanoc the Spry (Deep Dwarf Transmuter)             Turns: 21104, Time: 01:08:51

Health: -8/141     AC:  5    Str: 14 (16) XL:     14   Next: 97%
Magic:  5/12       EV: 23    Int: 16      God:    Ru [******]
Gold:   1057       SH:  0    Dex: 17      Spells: 10/16 levels left

rFire    + . .     SeeInvis .   b - +9 staff of Olgreb {rPois∞}
rCold    + + +     Faith    .   (shield unavailable)
rNeg     + + +     Spirit   .   f - +2 robe {rC+}
rPois    ∞         Reflect  .   j - -2 hat of the Alchemist {rElec rPois rF+ rC+ rN+ MR+ rMut rCorr}
rElec    +         Harm     .   (no cloak)
rCorr    +         Rampage  +   x - +1 pair of gloves {Dex+3}
rMut     +                      z - +0 pair of boots "Bomah" {Rampage rC+ rN+ MR+}
MR       ++++.                  v - amulet of the acrobat
Stlth    ..........             (ring unavailable)
HPRegen  0.00/turn              i - ring "Ciamm" {Wiz rElec}
MPRegen  0.13/turn

@: non-regenerating, drained
A: damage resistance, heal wounds, antennae 1, deterioration 2, negative energy
resistance 1, sense surroundings 2, screaming 1, missing a hand, no stealth,
hated by all, missing an eye, no regeneration
a: Heal Wounds, Draw Out Power, Power Leap, Apocalypse, Renounce Religion


You were on level 6 of the Lair of Beasts.
You worshipped Ru.
Ru was exalted by your worship.
You visited 4 branches of the dungeon, and saw 22 of its levels.
You also visited: Sewer, Ossuary, Bailey and Gauntlet.

You collected 2635 gold pieces.
You spent 1578 gold pieces at shops.

Inventory:

Hand Weapons
 b - the +9 staff of Olgreb (weapon) {rPois∞}
   (You found it on level 6 of the Dungeon)

   It grants immunity to poison.
Missiles
 t - 3 throwing nets (quivered)
Armour
 f - a +2 robe of cold resistance (worn)
 j - the -2 hat of the Alchemist (worn) {rElec rPois rF+ rC+ rN+ MR+ rMut rCorr}
   (You bought it in a shop on level 7 of the Dungeon)

   It protects you from fire.
   It protects you from cold.
   It insulates you from electricity.
   It protects you from poison.
   It protects you from negative energy.
   It affects your resistance to hostile enchantments.
   It provides partial protection from all sources of acid and corrosion.
   It protects you from mutation.
 x - a +1 pair of gloves of dexterity (worn)
 z - the +0 pair of boots "Bomah" (worn) {Rampage rC+ rN+ MR+}
   (You found it in a Gauntlet)

   It protects you from cold.
   It protects you from negative energy.
   It affects your resistance to hostile enchantments.
   It bestows one free step when moving towards enemies.
Jewellery
 i - the ring "Ciamm" (right hand) {Wiz rElec}
   (You found it in a bailey)

   [ring of wizardry]

   It improves your spell success rate.
   It insulates you from electricity.
 v - an amulet of the acrobat (around neck)
Wands
 n - a wand of disintegration (20)
 s - a wand of paralysis (18)
 C - a wand of random effects (17)
 H - a wand of flame (23)
Scrolls
 c - 13 scrolls of teleportation
 e - 6 scrolls of identify
 o - 5 scrolls of remove curse
 q - a scroll of amnesia
 r - 3 scrolls of enchant weapon
 u - 3 scrolls of immolation
 y - 3 scrolls of enchant armour
 D - a scroll of fog
 G - a scroll of magic mapping
Potions
 a - 2 potions of flight
 d - 2 potions of heal wounds
 g - 5 potions of cancellation
 l - 5 potions of brilliance
 m - 5 potions of attraction
 p - 5 potions of curing
 w - 2 potions of lignification
 A - a potion of might
 E - 3 potions of ambrosia
 F - a potion of resistance
Miscellaneous
 h - a phial of floods
 B - a condenser vane


   Skills:
 + Level 13.5(12.6) Fighting
 + Level 15.8(14.8) Dodging
 - Level 6.6(5.8) Unarmed Combat
 - Level 1.7(1.0) Spellcasting
 + Level 8.2(7.3) Transmutations
 - Level 3.0(2.3) Poison Magic
 - Level 15.0(13.9) Evocations


You had 10 spell levels left.
You knew the following spells:

 Your Spells              Type           Power        Failure   Level
a - Beastly Appendage     Tmut           ###...       1%          1
b - Wereblood             Tmut           ###.....     1%          2
c - Spider Form           Tmut/Pois      ###.......   4%          3

Your spell library contained the following spells:

 Spells                   Type           Power        Failure   Level
 Passwall                 Tmut/Erth      ##......     3%          2
 Apportation              Tloc           #.....       9%          1
 Corona                   Hex            #......      9%          1
 Sandblast                Erth           #.....       9%          1
 Blade Hands              Tmut           ###.......   12%         5
 Ice Form                 Ice/Tmut       ##......     21%         4
 Petrify                  Tmut/Erth      ##......     21%         4
 Stone Arrow              Conj/Erth      #.....       26%         3
 Lee's Rapid Deconstruct  Erth           #.........   91%         5
 Borgnjor's Revivificati  Necr           #.........   100%        8
 Necromutation            Tmut/Necr      ##........   100%        8
 Death's Door             Necr           #.........   100%        9
 Animate Skeleton         Necr           Unusable     N/A         1
 Summon Small Mammal      Summ           Unusable     N/A         1
 Haunt                    Necr/Summ      Unusable     N/A         7
 Infestation              Necr           Unusable     N/A         8

Dungeon Overview and Level Annotations

Branches:
Dungeon (13/15)            Temple (1/1) D:7            Lair (6/6) D:10
  Swamp (0/4) Lair:3       Shoals (0/4) Lair:3          Orc (2/2) D:12
    Elf (0/3) Orc:2         Sewer (visited)         Ossuary (visited)
 Bailey (visited)         Gauntlet (visited)
  Slime: Lair:5-6    Vaults: D:13-14

Altars:
Cheibriados
Dithmenos
Elyvilon
Fedhas
Gozag
Hepliaklqana
Makhleb
Nemelex Xobeh
Qazlal
Ru
Trog
Vehumet
Xom
Yredelemnul
Zin
Beogh

Shops:
D:6 (   D:7 [   D:8 }   D:12 :   Orc:2 !}(=


Innate Abilities, Weirdness & Mutations

You are resistant to damage.
You can heal yourself by infusing magical energy.
You resist negative energy. (rN+)
You passively map the area around you.
You occasionally shout uncontrollably at your foes.
You are missing a hand.
You cannot be stealthy.
You are hated by all.
You are missing an eye, making it more difficult to aim.
You do not regenerate.
You have a pair of small antennae on your head.
Your body often deteriorates upon taking damage.


Message History

The dream sheep stampedes away.
The dream sheep looks frightened!
The dream sheep bleats in terror.
The dream sheep looks frightened!
The dream sheep panics and turns to flee.
The yak looks frightened!
The cane toad looks frightened!
The yak looks frightened! x3; The death yak easily resists.
The death yak looks frightened!
The death yak resists with almost no effort.
The death yak easily resists.
The death yak looks frightened!
You feel less exhausted.
You kill the dream sheep! x2
The death yak misses you. The death yak gores you!
* * * LOW HITPOINT WARNING * * *
The death yak is stunned by your will and fails to attack.
As you read the scroll of fear, it crumbles to dust.
You assume a fearsome visage.
The death yak easily resists.
The death yak looks frightened! x2; The death yak is no longer blind.
The death yak gores you!!
You die...

...Y..†........##
,................##
.........?.....#.#
................# *
,,P..........<..###
#.......##F.Y#..# ,
.#.P....##....### ,
##....###...Y##
..Y......Y†YY@#
...P........Y## ,
..##....YY.## , ,
.......Y.. ,
.......Y..# ,
*.P...#...##* ,
########.. , ,* #..
, * ..


You could see 5 death yaks, 4 yaks, a cane toad (fleeing) and a dream sheep
(fleeing, extremely poisoned).

Vanquished Creatures
  Gastronok (Lair:3)
  An orc warlord (Orc:2)
  A minotaur (Gauntlet)
  Snorg (Lair:3)
  Erolcha (D:13)
  Josephine (D:12)
  Harold (D:7)
  2 hydras
  5 boulder beetles
  A catoblepas (Lair:3)
  A two-headed ogre (Orc:1)
  8 orc high priests (Orc:2)
  8 death yaks
  Nergalle (Lair:3)
  A skeletal warrior (D:12)
  2 unseen horrors
  Pikel (D:6)
  7 orc knights
  An ugly thing (D:12)
  3 orc sorcerers (Orc:2)
  An oklob plant (Lair:4)
  2 cyclopes
  A deep elf mage (D:12)
  3 black mambas
  A merfolk siren (Lair:3)
  A manticore (D:13)
  An elephant (D:10)
  Maggie (D:6)
  9 cane toads
  A gargoyle (D:12)
  4 komodo dragons
  3 meliai (D:13)
  4 trolls
  A tyrant leech (Lair:3)
  6 polar bears (Lair:2)
  A hornet (D:10)
  Grinder (D:3)
  22 blink frogs
  16 dream sheep
  2 raiju (Gauntlet)
  A water elemental (D:11)
  8 wraiths
  5 wyverns
  Eustachio (D:5)
  2 basilisks
  31 yaks
  A steam dragon (D:10)
  A chaos spawn (Gauntlet)
  A vampire mosquito (D:12)
  5 soldier ants (D:6)
  7 wargs
  Edmund (D:5)
  6 swamp worms
  An acid dragon (D:13)
  8 water moccasins
  28 orc warriors
  3 sky beasts
  2 eyes of draining
  3 black bears
  A phantom (D:10)
  3 ice beasts
  12 ogres
  9 wolves (Lair:3)
  4 centaurs
  4 lemures (D:6)
  20 bullfrogs
  An elf zombie (Ossuary)
  4 big kobolds
  A gnoll sergeant (D:10)
  2 scorpions
  5 spriggan skeletons (D:11)
  11 electric eels
  20 killer bees
  13 wights
  A troll skeleton (D:11)
  2 bullfrog zombies
  3 centaur zombies
  4 howler monkeys
  A lava snake (D:10)
  3 quasits
  2 bullfrog skeletons
  37 orc priests
  5 hounds
  4 jellies
  Crazy Yiuf (D:7)
  3 centaur skeletons
  19 orc wizards
  Jessica (D:2)
  Ijyb (D:3)
  Terence (D:2)
  An iguana (D:8)
  2 lightning spires (Gauntlet)
  9 worker ants
  4 hell rats (Lair:5)
  A big kobold zombie (Ossuary)
  2 hound zombies
  3 hound skeletons
  2 mummies (Ossuary)
  5 gnolls (D:10)
  17 adders
  A shadow imp (D:8)
  3 white imps
  2 ufetubi
  An ooze (D:6)
  An adder skeleton (D:6)
  2 worms
  2 dart slugs
  7 leopard geckos
  95 orcs
  5 ball pythons
  6 bats
  6 giant cockroaches
  4 gnoll zombies (Ossuary)
  10 goblins
  12 hobgoblins
  13 jackals
  21 kobolds
  A quokka (D:3)
  2 frilled lizards (D:3)
  A goblin zombie (Ossuary)
  5 hobgoblin zombies (Ossuary)
  2 leopard gecko skeletons (D:4)
  8 rats
698 creatures vanquished.

Vanquished Creatures (others)
  A death yak (Lair:4)
  A cane toad (Lair:5)
  A blink frog (Lair:4)
  A yak (Lair:4)
  A vampire mosquito (D:12)
  A swamp worm (Gauntlet)
  An orc warrior (D:12)
  A jelly (D:10)
  A worker ant (D:11)
  3 orcs
  A kobold (D:11)
  37 fungi
  44 plants
94 creatures vanquished.

Grand Total: 792 creatures vanquished

Notes
Turn   | Place    | Note
-------+----------+-------------------------------------------
     0 | D:1      | Lanoc the Deep Dwarf Transmuter began the quest for the
                  | Orb.
     0 | D:1      | Reached XP level 1. HP: 16/16 MP: 3/3
    31 | D:1      | Reached skill level 1 in Fighting
   136 | D:1      | Reached XP level 2. HP: 23/25 MP: 4/4
   146 | D:1      | Learned a level 2 spell: Wereblood
   378 | D:1      | Reached XP level 3. HP: 18/31 MP: 3/5
   667 | D:2      | Noticed Jessica
   680 | D:2      | HP: 1/31 [Jessica/nerve-wracking pain (7)]
   693 | D:2      | Killed Jessica
   723 | D:2      | Found a snail-covered altar of Cheibriados.
   724 | D:2      | Found a shimmering altar of Xom.
   727 | D:2      | Found a basalt altar of Yredelemnul.
   727 | D:2      | Noticed Terence
   739 | D:2      | Killed Terence
   739 | D:2      | Reached XP level 4. HP: 13/39 MP: 6/6
   831 | D:2      | Became a worshipper of Xom of Chaos
   967 | D:2      | Found a sacrificial altar of Ru.
  1058 | D:2      | Fell from the grace of Xom
  1058 | D:2      | Became a worshipper of Ru the Awakened
  1173 | D:2      | XOM: polymorph rat -> giant cockroach
  1500 | D:3      | Noticed Ijyb
  1520 | D:3      | Killed Ijyb
  1520 | D:3      | Reached XP level 5. HP: 36/45 MP: 2/6
  1590 | D:3      | Noticed Grinder
  1599 | D:3      | Paralysed by Grinder for 2 turns
  1666 | D:3      | Killed Grinder
  1666 | D:3      | Reached XP level 6. HP: 18/55 MP: 4/7
  1767 | D:3      | XOM: summons 4 hostile shadow creatures
  2146 | D:4      | Found a bloodstained altar of Trog.
  2146 | D:4      | Found a glowing silver altar of Zin.
  2146 | D:4      | Noticed a sky beast
  2163 | D:4      | Killed a sky beast
  2165 | D:4      | Found a radiant altar of Vehumet.
  2167 | D:4      | Found a shadowy altar of Dithmenos.
  2168 | D:4      | Found a white marble altar of Elyvilon.
  2193 | D:4      | Reached skill level 5 in Unarmed Combat
  2193 | D:4      | Reached XP level 7. HP: 6/62 MP: 4/8
  2245 | D:4      | XOM: stat loss: -3 Str (11/14)
  2303 | D:4      | XOM: 3-stop teleportation journey
  2494 | D:4      | Gained mutation: You are hated by all. [Ru sacrifice]
  2494 | D:4      | Reached * piety under Ru
  2638 | D:4      | XOM: stat loss: -2 Str (9/14)
  2679 | D:5      | Entered Level 5 of the Dungeon
  2685 | D:5      | XOM: 1-stop teleportation journey
  2686 | D:5      | Noticed Edmund
  2699 | D:5      | Killed Edmund
  2875 | D:5      | Found a glowing drain.
  2879 | Sewer    | Entered a sewer
  3307 | Sewer    | Reached skill level 5 in Dodging
  3307 | Sewer    | Reached XP level 8. HP: 47/72 MP: 5/8
  3496 | D:5      | XOM: give mutation
  3496 | D:5      | Gained mutation: Your body sometimes deteriorates upon
                  | taking damage. [Xom's mischief]
  3560 | D:5      | Noticed Eustachio
  3651 | D:5      | Killed Eustachio
  4016 | D:5      | Found a hazy altar of Hepliaklqana.
  4173 | D:6      | Found a runed translucent door.
  4174 | D:6      | Found a runed translucent gate.
  4174 | D:6      | Found a runed translucent gate.
  4181 | D:6      | Found the +9 staff of Olgreb {rPois∞}
  4218 | D:6      | Noticed Maggie
  4224 | D:6      | Reached skill level 5 in Transmutations
  4245 | D:6      | Killed Maggie
  4245 | D:6      | Reached skill level 5 in Fighting
  4245 | D:6      | Gained mutation: You passively map the area around you.
                  | [Deep Dwarf growth]
  4245 | D:6      | Reached XP level 9. HP: 26/81 MP: 5/7
  4263 | D:6      | Noticed Pikel
  4277 | D:6      | Killed Pikel
  4311 | D:6      | Found a runed translucent gate.
  4314 | D:6      | Found a runed translucent door.
  4406 | D:6      | XOM: give mutations
  4406 | D:6      | Lost mutation: Your body sometimes deteriorates upon taking
                  | damage. [Xom's mischief]
  4406 | D:6      | Gained mutation: You are weak. (Str -2) [Xom's mischief]
  4406 | D:6      | Gained mutation: Your body sometimes deteriorates upon
                  | taking damage. [Xom's mischief]
  4406 | D:6      | Gained mutation: Scrolls take you a little longer to read.
                  | [Xom's mischief]
  4467 | D:6      | Found Ylinu's Antique Weapon Shoppe.
  4495 | D:6      | Found a sand-covered staircase.
  4499 | Ossuary  | Entered an ossuary
  4741 | D:6      | Found an opulent altar of Gozag.
  4946 | D:6      | Gained mutation: You are missing a hand. [Ru sacrifice]
  4946 | D:6      | Reached ** piety under Ru
  4946 | D:6      | Reached *** piety under Ru
  4946 | D:6      | Reached **** piety under Ru
  5110 | D:6      | Learned a level 3 spell: Spider Form
  5164 | D:7      | Reached XP level 10. HP: 56/92 MP: 4/8
  5186 | D:7      | Found a flagged portal.
  5213 | Bailey   | Entered a bailey
  5213 | Bailey   | Noticed an orc knight
  5214 | Bailey   | Noticed an orc knight
  5236 | Bailey   | Reached skill level 1 in Evocations
  5417 | Bailey   | Reached skill level 1 in Poison Magic
  5447 | Bailey   | XOM: 1-stop teleportation journey
  5463 | Bailey   | Got a masterwork spear
  5465 | Bailey   | Identified the +6 spear of Sompoeno {pain, rElec Str+4}
                  | (You found it in a bailey)
  5652 | Bailey   | Killed an orc knight
  5737 | Bailey   | XOM: confusion (+ monsters)
  5738 | Bailey   | Killed an orc knight
  5799 | Bailey   | Noticed an orc knight
  5800 | Bailey   | Noticed an orc knight
  5851 | Bailey   | Killed an orc knight
  5851 | Bailey   | Reached skill level 5 in Evocations
  5854 | Bailey   | Killed an orc knight
  5925 | Bailey   | Got a scorched pewter ring
  5927 | Bailey   | Identified the ring "Ciamm" {Wiz rElec} (You found it in a
                  | bailey)
  5992 | D:7      | Found Imaet's Armour Shop.
  6007 | D:7      | Bought the -2 hat of the Alchemist {rElec rPois rF+ rC+ rN+
                  | MR+ rMut rCorr} for 708 gold pieces
  6007 | D:7      | Found the -2 hat of the Alchemist {rElec rPois rF+ rC+ rN+
                  | MR+ rMut rCorr}
  6162 | D:7      | Noticed Harold
  6173 | D:7      | Killed Harold
  6692 | D:7      | Found a staircase to the Ecumenical Temple.
  6701 | Temple   | Entered the Ecumenical Temple
  6790 | D:7      | XOM: noise
  6912 | D:7      | Found a runed translucent door.
  6913 | D:7      | Noticed Crazy Yiuf
  6920 | D:7      | Killed Crazy Yiuf
  7197 | D:8      | Reached XP level 11. HP: 87/102 MP: 1/9
  7322 | D:8      | XOM: 2-stop teleportation journey
  7388 | D:8      | XOM: noise
  7555 | D:8      | Found Jitot's Gadget Shop.
  7632 | D:8      | XOM: noise
  7694 | D:8      | Gained mutation: You are missing an eye, making it more
                  | difficult to aim. [Ru sacrifice]
  7694 | D:8      | Reached ***** piety under Ru
  7707 | D:8      | XOM: give mutations
  7707 | D:8      | Gained mutation: Your body often deteriorates upon taking
                  | damage. [Xom's mischief]
  7707 | D:8      | Gained mutation: You occasionally shout uncontrollably at
                  | your foes. [Xom's mischief]
  8002 | D:9      | Found a shadowy altar of Dithmenos.
  8783 | D:10     | Entered Level 10 of the Dungeon
  9136 | D:10     | XOM: 1-stop teleportation journey
  9267 | D:10     | XOM: confusion (+ monsters)
  9274 | D:10     | Reached skill level 10 in Dodging
  9426 | D:10     | Reached skill level 10 in Evocations
  9521 | D:10     | Found a staircase to the Lair.
  9599 | D:10     | Mutation became permanent: You occasionally shout
                  | uncontrollably at your foes. [Ru sacrifice]
  9599 | D:10     | Gained mutation: You occasionally shout uncontrollably at
                  | your foes. [Ru sacrifice]
 10090 | D:11     | Lost mutation: You are weak. (Str -2) [potion of mutation]
 10090 | D:11     | Lost mutation: Scrolls take you a little longer to read.
                  | [potion of mutation]
 10090 | D:11     | Gained mutation: You have a pair of small antennae on your
                  | head. [potion of mutation]
 10100 | D:11     | Found a gate leading to a gauntlet.
 10122 | D:11     | XOM: confusion
 10136 | D:11     | XOM: chaos upgrade
 10222 | D:11     | Found a burning altar of Makhleb.
 10255 | Gauntlet | Entered a Gauntlet
 10255 | Gauntlet | Found a transporter.
 10265 | Gauntlet | Found a transporter.
 10280 | Gauntlet | Found a transporter.
 10284 | Gauntlet | Noticed a wretched star
 10285 | Gauntlet | Found a transporter.
 10300 | Gauntlet | Found a transporter.
 10317 | Gauntlet | Noticed a death scarab
 10319 | Gauntlet | Found a transporter.
 10320 | Gauntlet | Noticed a death scarab
 10331 | Gauntlet | Found a transporter.
 10331 | Gauntlet | Noticed an orange crystal statue
 10341 | Gauntlet | Noticed a wizard
 10343 | Gauntlet | Found a transporter.
 10346 | Gauntlet | Noticed a wizard
 10349 | Gauntlet | Found a transporter.
 10349 | Gauntlet | Found a transporter.
 10360 | Gauntlet | Noticed a death ooze
 10364 | Gauntlet | Found a transporter.
 10372 | Gauntlet | Found a transporter.
 10372 | Gauntlet | Found a transporter.
 10392 | Gauntlet | Found a transporter.
 10406 | Gauntlet | Found a transporter.
 10417 | Gauntlet | XOM: summons 1 hostile demon
 10417 | Gauntlet | Was forgiven by Xom
 10433 | Gauntlet | Found a transporter.
 10460 | Gauntlet | Found a transporter.
 10480 | Gauntlet | Found a transporter.
 10856 | Gauntlet | Got a pair of heavily runed boots
 10862 | Gauntlet | Identified the cursed +0 pair of boots "Bomah" {Rampage rC+
                  | rN+ MR+} (You found it in a Gauntlet)
 10921 | Gauntlet | Noticed a minotaur
 10933 | Gauntlet | Killed a minotaur
 11307 | D:11     | Reached XP level 12. HP: 62/114 MP: 6/10
 11920 | D:11     | Gained mutation: You cannot be stealthy. [Ru sacrifice]
 11920 | D:11     | Reached ****** piety under Ru
 12242 | D:12     | Found Qudone Diydi's Book Shop.
 12596 | D:12     | Found a staircase to the Orcish Mines.
 13141 | D:12     | Found a blossoming altar of Fedhas.
 13403 | D:13     | Noticed Erolcha
 13409 | D:13     | Killed Erolcha
 13498 | D:13     | Noticed a boulder beetle
 13509 | D:13     | Killed a boulder beetle
 13758 | D:13     | Noticed a boulder beetle
 13768 | D:13     | Killed a boulder beetle
 13768 | D:13     | Reached skill level 10 in Fighting
 13962 | D:13     | Noticed a boulder beetle
 13970 | D:13     | Killed a boulder beetle
 14164 | Orc:1    | Entered Level 1 of the Orcish Mines
 14164 | Orc:1    | Noticed Josephine
 14212 | D:12     | Killed Josephine
 14212 | D:12     | Reached XP level 13. HP: 76/123 MP: 6/11
 14385 | Orc:1    | Found a roughly hewn altar of Beogh.
 14729 | Orc:2    | Entered Level 2 of the Orcish Mines
 14731 | Orc:2    | Found a staircase to the Elven Halls.
 14762 | Orc:2    | Reached skill level 15 in Evocations
 15182 | Orc:2    | Noticed an orc warlord
 15253 | Orc:2    | Killed an orc warlord
 15546 | Orc:2    | Found Qoebasch's Distillery.
 15546 | Orc:2    | Found Orhecvef's Gadget Shop.
 15551 | Orc:2    | Bought a potion of heal wounds for 75 gold pieces
 15634 | Orc:2    | Found a roughly hewn altar of Beogh.
 15730 | Orc:2    | Found Fyfro's Jewellery Shop.
 15730 | Orc:2    | Found Qekag's Antique Weapon Emporium.
 15986 | Orc:2    | Bought 2 potions of heal wounds for 150 gold pieces
 15986 | Orc:2    | Bought a potion of curing for 45 gold pieces
 15995 | Orc:2    | Bought a condenser vane for 600 gold pieces
 16109 | Lair:1   | Entered Level 1 of the Lair of Beasts
 17617 | Lair:3   | Noticed Nergalle
 17627 | Lair:3   | Killed Nergalle
 17627 | Lair:3   | Gained mutation: You resist negative energy. (rN+) [Deep
                  | Dwarf growth]
 17627 | Lair:3   | Reached XP level 14. HP: 120/138 MP: 4/12
 17850 | Lair:3   | Noticed Snorg
 17881 | Lair:3   | Killed Snorg
 18093 | Lair:3   | Found a staircase to the Swamp.
 18285 | Lair:3   | Noticed Gastronok
 18301 | Lair:3   | Killed Gastronok
 18691 | Lair:3   | Found a staircase to the Shoals.
 19307 | Lair:4   | Reached skill level 15 in Dodging
 20295 | Lair:5   | Found a burning altar of Makhleb.
 21040 | Lair:6   | Entered Level 6 of the Lair of Beasts
 21104 | Lair:6   | Mangled by a death yak

Illustrated notes

Levels and vault maps discovered:
D:1:      saegor_arrival_miasma, layout_rooms, solitary_fountain
D:2:      layout_rooms, grunt_temple_overflow_diamond,
          nicolae_ru_sacrificial_ziggurat, uniq_terence, uniq_jessica
D:3:      layout_loops_ring, minmay_box_of_dots, uniq_grinder, uniq_ijyb
D:4:      layout_rooms, grunt_temple_overflow_open, kennysheep_windowed_goal
D:5:      layout_loops_ring, serial_rivers, chequers_serial_rivers_room_b,
          chequers_serial_rivers_room_a, chequers_serial_rivers_micro_a,
          chequers_serial_rivers_marsh, chequers_serial_rivers_room_b,
          chequers_serial_rivers_micro_d, basic_altar, gup_sewer_entry_spiral,
          st_stairs_3, uniq_eustachio, uniq_edmund
D:6:      layout_rooms, basic_altar, serial_shops, kennysheep_mini,
          enter_ossuary_5, minmay_misc_feat_encased,
          minmay_guarded_unrand_staff_of_olgreb, uniq_pikel, uniq_maggie
D:7:      layout_basic, temple_hall, serial_shops, shop_fountains,
          enter_bailey_3, minmay_fountain_box, hangedman_decor_lopped,
          nrook_pool_corridor, uniq_crazy_yiuf_cottage, uniq_harold
D:8:      layout_gridville, serial_shops, nicolae_shop_behind_doors,
          hangedman_decor_riveting
D:9:      layout_rooms, grunt_dithmenos_smoke
D:10:     layout_basic, david_lair_generic, kennysheep_cross_room, st_stairs_1,
          lemuel_old_faithful
D:11:     layout_basic, basic_altar, gauntlet_entry_generic,
          hangedman_tell_no_tales
D:12:     layout_basic, erik_orc_2, serial_shops, shop, basic_altar
D:13:     layout_irregular_city, uniq_erolcha
Temple:   cyrus_circular_temple
Lair:1:   layout_hall_layers, chequers_serial_rivers_marsh, grunt_megastairs_1
Lair:2:   layout_loops_ring, chequers_serial_rivers_micro_d,
          cheibrodos_lair_lostbears
Lair:3:   layout_gridlike, minmay_swamp_entry_worms,
          minmay_shoals_entry_lonely_mermaid, hibernation_bobbens,
          uniq_nergalle, uniq_gastronok, uniq_snorg
Lair:4:   layout_cave_pods, columned_hall_lemuel
Lair:5:   layout_loops_ring, basic_altar
Lair:6:   evil_forest, layout_gridlike, slime_altar_1
Orc:1:    layout_caves, basic_altar, uniq_erica, uniq_josephine
Orc:2:    st_orc_town, layout_caves

Skill      XL: |  1  2  3  4  5  6  7  8  9 10 11 12 13 14 |
---------------+-------------------------------------------+-----
Fighting       | 1 2 3 5 6 7 9 10 12 13 | 13.5
Unarmed Combat | 3 4 5 6 |  6.6
Transmutations | 2 3 4 5 6 7 8 |  8.2
Dodging        | 3 4 5 6 8 9 10 12 14 15 | 15.8
Evocations     | 7 11 14 15 | 15.0
Poison Magic   | 2 3 |  3.0
Spellcasting   | |  1.7

Action                   |  1- 3 |  4- 6 |  7- 9 | 10-12 | 13-15 || total
-------------------------+-------+-------+-------+-------+-------++-------
Melee: Unarmed           |    96 |   151 |   501 |     6 |       ||   754
       Kick              |    15 |    36 |    97 |       |       ||   148
       Headbutt          |    10 |    18 |    61 |       |       ||    89
       Punch             |     1 |     1 |    14 |       |       ||    16
       Staff             |       |       |    10 |   704 |   506 ||  1220
Throw: Throwing net      |       |       |       |       |     3 ||     3
 Cast: Beastly Appendage |    13 |    22 |    43 |       |       ||    78
       Wereblood         |     3 |    13 |    21 |     2 |     1 ||    40
Invok: Sacrifice Love    |       |       |     1 |       |       ||     1
       Draw Out Power    |       |       |     4 |    42 |    39 ||    85
       Sacrifice a Hand  |       |       |     1 |       |       ||     1
       Sacrifice Purity  |       |       |       |     1 |       ||     1
       Sacrifice an Eye  |       |       |       |     1 |       ||     1
       Sacrifice Stealth |       |       |       |     1 |       ||     1
 Abil: Heal Wounds       |     1 |     1 |    10 |     1 |       ||    13
Evoke: Wand              |       |       |    11 |     3 |       ||    14
       Staff of Olgreb   |       |       |     1 |   163 |   152 ||   316
       Phial of floods   |       |       |       |       |     2 ||     2
       Condenser vane    |       |       |       |       |     1 ||     1
  Use: Potion            |     1 |     5 |    14 |     6 |     6 ||    32
       Scroll            |       |       |     9 |     5 |     8 ||    22
 Stab: Sleeping          |       |       |     2 |     1 |       ||     3
       Invisible         |       |       |     2 |     4 |     8 ||    14
       Distracted        |       |       |       |     4 |     4 ||     8
       Paralysed         |       |       |       |     7 |     9 ||    16
Armor: Robe              |    14 |    33 |    91 |   101 |    39 ||   278
Dodge: Dodged            |    64 |    83 |   302 |   703 |   590 ||  1742

Table legend: (Time is in decaauts)
 A = Elapsed time spent in this place.
 B = Non-inter-level travel time spent in this place.
 C = Inter-level travel time spent in this place.
 D = Time resting spent in this place.
 E = Time spent auto-exploring this place.
 F = Levels seen in this place.
 G = Mean time per level.
                   A        B        C        D        E       F      G
               +--------+--------+--------+--------+--------+-----+--------+
         Total |  21355 |  20526 |    829 |    376 |  14129 |  26 |  821.3 |
       Dungeon |  12405 |  11774 |    631 |     86 |   8292 |  13 |  954.2 |
        Temple |      1 |      1 |      0 |      0 |      0 |   1 |    1.0 |
          Lair |   5060 |   4953 |    107 |      0 |   3971 |   6 |  843.3 |
  Orcish Mines |   1800 |   1709 |     91 |      0 |   1148 |   2 |  900.0 |
         Sewer |    483 |    483 |      0 |      0 |    296 |   1 |  483.0 |
       Ossuary |    146 |    146 |      0 |      0 |     41 |   1 |  146.0 |
        Bailey |    736 |    736 |      0 |    280 |     62 |   1 |  736.0 |
      Gauntlet |    720 |    720 |      0 |     10 |    318 |   1 |  720.0 |
               +--------+--------+--------+--------+--------+-----+--------+

Top non-repeatable levels by time:
    D:11: 1516 daAuts
  Lair:3: 1411 daAuts
    D:12: 1394 daAuts
    D:10: 1349 daAuts
   Orc:2: 1289 daAuts
     D:7: 1206 daAuts
  Lair:4: 1165 daAuts
     D:5: 1018 daAuts
     D:8: 920 daAuts
  Lair:5: 898 daAuts
     D:6: 827 daAuts
     D:9: 807 daAuts
  Lair:2: 771 daAuts
     D:3: 764 daAuts
     D:2: 754 daAuts
